 Dungeon Crawl Stone Soup version 0.30-a0-728-gc68057be0a (webtiles) character file.

Game seed: 7901169216485618476

17 sircluck the Digger (level 2, 0/19 HPs)
             Began as a Formicid Earth Elementalist on Jan 31, 2023.
             Slain by a goblin
             ... wielding a +0 dagger
              (3 damage)
             ... on level 1 of the Dungeon.
             The game lasted 00:08:17 (738 turns).

sircluck the Digger (Formicid Earth Elementalist)    Turns: 738, Time: 00:08:17

Health: 0/19       AC:  2    Str: 12    XL:     2   Next: 80%
Magic:  5/5        EV: 12    Int: 14    God:
Gold:   19         SH:  0    Dex: 14    Spells: 2/5 levels left

rFire   . . .      SeeInvis +    i - +0 whip
rCold   . . .      Faith    .    (no shield)
rNeg    . . .      Spirit   .    a - +0 robe
rPois   .          Reflect  .    (helmet unavailable)
rElec   .          Harm     .    (no cloak)
rCorr   .          Rampage  .    (no gloves)
Will    .....                    (no boots)
Stlth   ++                       (no amulet)
HPRegen 0.23/turn                (no ring)
MPRegen 0.09/turn                (no ring)

@: no status effects
A: permanent stasis, dig shafts and tunnels, antennae 3, four strong arms
a: Dig, Shaft Self


You were on level 1 of the Dungeon.
You visited 1 branch of the dungeon, and saw 1 of its levels.

You collected 19 gold pieces.

Inventory:

Hand Weapons
 i - a +0 whip (weapon)
Missiles
 f - 14 stones
Armour
 a - a +0 robe (worn)
 h - a +0 robe
Scrolls
 d - a scroll of torment {unknown}
 e - a scroll of blinking {unknown}
 g - a scroll of enchant armour {unknown}
Potions
 b - a potion of magic


   Skills:
 + Level 0.2 Fighting
 + Level 2.1 Dodging
 + Level 2.4 Stealth
 + Level 0.6 Unarmed Combat
 + Level 2.3 Spellcasting
 + Level 1.1 Transmutations
 + Level 3.9 Earth Magic


You had 2 spell levels left.
You knew the following spells:

 Your Spells              Type           Power      Damage    Failure   Level
a - Sandblast             Erth           24%        2d8       4%          1
b - Passwall              Tmut/Erth      6%         N/A       12%         2

Your spell library contained the following spells:

 Spells                   Type           Power      Damage    Failure   Level
 Stone Arrow              Conj/Erth      14%        3d7       30%         3
 Petrify                  Tmut/Erth      8%         N/A       61%         4


Dungeon Overview and Level Annotations

Branches:
Dungeon (1/15)

Altars:


Innate Abilities, Weirdness & Mutations

You cannot be hasted, slowed, berserked, paralysed or teleported.
You can dig through walls and to a lower floor.
You have a pair of large antennae on your head. (SInv)
Your four strong arms can wield two-handed weapons with a shield.


Message History

Aiming: Sandblast (safe; 4% risk of failure)
Press: ? - help, Shift-Dir - straight line, f - goblin
Aim: a goblin, wielding a +0 dagger (heavily wounded, 77% to hit)
The blast of sand hits the goblin!
You kill the goblin!
The hobgoblin closely misses you.
Casting: Sandblast (safe; 4% risk of failure)
Confirm with . or Enter, or press ? or * to list all spells.
You don't know that spell.
Casting: Sandblast (safe; 4% risk of failure)
Confirm with . or Enter, or press ? or * to list all spells.
You don't know that spell.
You closely miss the hobgoblin. The hobgoblin barely misses you.
You barely miss the hobgoblin. The goblin hits you with a +0 dagger.
* * * LOW HITPOINT WARNING * * *
The hobgoblin barely misses you. x2; The goblin hits you but does no damage.
Unknown command.
Okay, then.
It was a potion of curing.
You feel better. The goblin completely misses you. The hobgoblin misses you.
You hit the hobgoblin but do no damage. The goblin misses you.
The hobgoblin closely misses you.
You hit the hobgoblin.
The hobgoblin is almost dead.
The goblin hits you but does no damage. The hobgoblin completely misses you.
You barely miss the hobgoblin.
The hobgoblin is almost dead.
The goblin hits you with a +0 dagger. The hobgoblin barely misses you.
You barely miss the hobgoblin.
The hobgoblin is almost dead.
The goblin closely misses you. The hobgoblin hits you.
You hit the hobgoblin.
You kill the hobgoblin!
The goblin hits you with a +0 dagger. The goblin hits you with a +0 dagger.
You see here a hobgoblin corpse.
The goblin attacks as you move away! The goblin hits you with a +0 dagger.
* * * LOW HITPOINT WARNING * * *
The goblin attacks as you move away! The goblin hits you with a +0 dagger.
You die...

#.# ..##.# #.##
### #.# .#.## ##.#
..## #.# ##.#
#.###.## #.# #.##
##.##.## #.# #.#
#.##.#. #.# #.#
#..#... #.# ##.##
##.#...
#)####...## #.....
#.Kg@.....# #.####
######....## #.#
#.......#####.####
#.#####..........#
#.# #...[.######
#.# #.....# #.#
#.....#
#.#####.....#
#.......#####


You could see a goblin and a kobold.

Vanquished Creatures
  A dart slug (D:1)
  A giant cockroach (D:1)
  2 goblins (D:1)
  3 hobgoblins (D:1)
  2 kobolds (D:1)
  2 bats (D:1)
  A frilled lizard (D:1)
  2 rats (D:1)
14 creatures vanquished.

Notes
Turn   | Place    | Note
-------+----------+-------------------------------------------
     0 | D:1      | sircluck the Formicid Earth Elementalist began the quest
                  | for the Orb.
     0 | D:1      | Reached XP level 1. HP: 13/13 MP: 3/3
   130 | D:1      | Reached XP level 2. HP: 12/19 MP: 5/5
   585 | D:1      | Learned a level 2 spell: Passwall
   738 | D:1      | Slain by a goblin

Illustrated notes

Levels and vault maps discovered:
D:1:      dpeg_arrival_connections, layout_loops_ring, grunt_decor_clamped

Skill      XL: |  1  2 |
---------------+-------+-----
Dodging        | 2 |  2.1
Fighting       | |  0.2
Stealth        | |  2.4
Unarmed Combat | |  0.6
Spellcasting   | |  2.3
Transmutations | |  1.1
Earth Magic    | |  3.9

Action                     || total
---------------------------++-------
  Melee: Unarmed           ||    92
         Punch             ||     3
         Whip              ||    10
   Cast: Sandblast         ||     1
    Use: Potion            ||     1
   Stab: Sleeping          ||     1
 Armour: Robe              ||    32
  Dodge: Dodged            ||    91

Table legend: (Time is in decaauts)
 A = Elapsed time spent in this place.
 B = Non-inter-level travel time spent in this place.
 C = Inter-level travel time spent in this place.
 D = Time resting spent in this place.
 E = Time spent auto-exploring this place.
 F = Levels seen in this place.
 G = Mean time per level.
                   A        B        C        D        E       F      G
               +--------+--------+--------+--------+--------+-----+--------+
         Total |    738 |    736 |      2 |     57 |    209 |   1 |  738.0 |
       Dungeon |    738 |    736 |      2 |     57 |    209 |   1 |  738.0 |
               +--------+--------+--------+--------+--------+-----+--------+

Top non-repeatable levels by time:
     D:1: 738 daAuts
